 Dungeon Sprint DCSS version 0.29.0-7-g18a832c13a (webtiles) character file.

Game seed: 42247778386062608

124 ImASeal the Basher (level 8, -25/87 HPs)
             Began as a Troll Fighter on Sept 1, 2022.
             Was an Initiate of Gozag.
             Annihilated by a bunyip (36 damage)
             ... in the Dungeon (Sprint VI: "Thunderdome").
             The game lasted 00:08:08 (450 turns).

ImASeal the Basher (Troll Fighter)                   Turns: 450, Time: 00:08:09

Health: -25/87     AC: 10    Str: 37    XL:     8   Next: 4%
Magic:  7/7        EV: 14    Int:  8    God:    Gozag
Gold:   514        SH:  0    Dex: 22    Spells: 7/7 levels left

rFire   + . .      SeeInvis .   a - +0 flail
rCold   x . .      Faith    .   c - +0 kite shield
rNeg    + + .      Spirit   .   v - +2 animal skin of the Gloaming {Harm rC- Int+7}
rPois   .          Reflect  +   x - +1 hat of Misanthropy {Regen+ rCorr Stlth+}
rElec   .          Harm     +   w - +2 cloak "Jeczeog" {Dex+7}
rCorr   +          Rampage  +   (gloves unavailable)
Will    .....      NoTele   +   (boots unavailable)
Stlth   +.........              e - amulet "Inleoquc" {Reflect Rampage rF+ Regen+ SH+5 Stlth-}
HPRegen 2.64/turn               p - ring "Lyunkoen" {Contam rN+ Str+7}
MPRegen 0.10/turn               t - ring of Amorality {rN+ Str+3 Int-3 Dex+6 Slay+5}

@: confused
A: large, unfitting armour, claws 3, regeneration 1, shaggy fur 1, tough skin 1
a: Renounce Religion, Potion Petition, Call Merchant, Bribe Branch


You were in the Dungeon.
You worshipped Gozag.
Gozag was pleased with you.
You visited 1 branch You collected 1706 gold pieces.
You spent 1192 gold pieces at shops.

Inventory:

Hand Weapons
 a - a +0 flail (weapon)
Armour
 b - a +0 robe
 c - a +0 kite shield (worn)
 v - the +2 animal skin of the Gloaming (worn) {Harm rC- Int+7}
   (You bought it in a shop in the Dungeon)

   Int:       It affects your intelligence (+7).
   rC:        It makes you vulnerable to cold.
   Harm:      It increases damage dealt and taken.
 w - the +2 cloak "Jeczeog" (worn) {Dex+7}
   (You bought it in a shop in the Dungeon)

   Dex:       It affects your dexterity (+7).
 x - the +1 hat of Misanthropy (worn) {Regen+ rCorr Stlth+}
   (You bought it in a shop in the Dungeon)

   Regen:     It increases your rate of health regeneration.
   rCorr:     It protects you from acid and corrosion.
   Stlth:     It makes you more stealthy.
Jewellery
 e - the amulet "Inleoquc" (around neck) {Reflect Rampage rF+ Regen+ SH+5 Stlth-}
   (You bought it in a shop in the Dungeon)

   [amulet of reflection]

   It reflects blocked missile attacks.
   rF:        It protects you from fire.
   Regen:     It increases your rate of health regeneration.
   SH:        It affects your SH (+5).
   Rampage:   It bestows one free step when moving towards enemies.
   Stlth:     It makes you less stealthy.
 o - the ring "Olext" {rPois Int+6}
   (You bought it in a shop in the Dungeon)

   [ring of intelligence]

   Int:       It affects your intelligence (+6).
   rPois:     It protects you from poison.
 p - the ring "Lyunkoen" (left claw) {Contam rN+ Str+7}
   (You bought it in a shop in the Dungeon)

   [ring of positive energy]

   Str:       It affects your strength (+7).
   rN:        It protects you from negative energy.
   Contam:    It causes magical contamination when unequipped.
 q - the ring "Yxzashri" {rPois Int+6}
   (You bought it in a shop in the Dungeon)

   [ring of intelligence]

   Int:       It affects your intelligence (+6).
   rPois:     It protects you from poison.
 r - the ring of Maigg {rF+ rCorr Dex+2 SInv}
   (You bought it in a shop in the Dungeon)

   [ring of resist corrosion]

   Dex:       It affects your dexterity (+2).
   rF:        It protects you from fire.
   SInv:      It lets you see invisible.
   rCorr:     It protects you from acid and corrosion.
 s - the ring "Ythraecock" {rC+ Str+3}
   (You bought it in a shop in the Dungeon)

   [ring of protection from cold]

   Str:       It affects your strength (+3).
   rC:        It protects you from cold.
 t - the ring of Amorality (right claw) {rN+ Str+3 Int-3 Dex+6 Slay+5}
   (You bought it in a shop in the Dungeon)

   [ring of dexterity]

   Str:       It affects your strength (+3).
   Int:       It affects your intelligence (-3).
   Dex:       It affects your dexterity (+6).
   Slay:      It affects your accuracy & damage with ranged weapons and melee
   (+5).
   rN:        It protects you from negative energy.
 u - the amulet "Xusselue" {Acrobat rN+ Regen+ Int+2}
   (You bought it in a shop in the Dungeon)

   [amulet of the acrobat]

   It increases your evasion while moving and waiting.
   Int:       It affects your intelligence (+2).
   rN:        It protects you from negative energy.
   Regen:     It increases your rate of health regeneration.
Wands
 l - a wand of quicksilver (5)
 m - a wand of roots (5)
Scrolls
 j - 3 scrolls of blinking
 n - 3 scrolls of fog
Potions
 d - a potion of might
 g - 4 potions of haste
 h - 2 potions of magic
 i - a potion of berserk rage
 k - a potion of resistance


   Skills:
 + Level 7.4 Fighting
 + Level 9.8 Maces & Flails
 + Level 7.2 Dodging
 + Level 0.1 Stealth
 + Level 8.1 Shields


You had 7 spell levels left.
You didn't know any spells.
Your spell library was empty.

Dungeon Overview and Level Annotations

Branches:
Dungeon (1/1)

Altars:
Cheibriados
Dithmenos
Fedhas
Gozag
Kikubaaqudgha
Makhleb
Okawaru
Qazlal
Ru
Sif Muna
Trog
Uskayaw
Vehumet
Wu Jian
Xom
Yredelemnul
Zin
The Shining One
Lugonu

Shops:
D *[??*?*:[((!!!!


Innate Abilities, Weirdness & Mutations

You are too large for most types of armour.
You have claws for hands.
Your natural rate of healing is unusually fast.
You are covered in fur. (AC +1)
You have tough skin. (AC +1)


Message History

You hit something.
You are engulfed in noxious fumes.
You choke on the stench!
You are confused.
You are engulfed in noxious fumes.
You choke on the stench!
You are more confused.
You bump into the stone wall.
You barely miss something.
You are engulfed in noxious fumes.
You choke on the stench!
You are more confused.
Something barely misses you.
A bunyip comes into view.
There is an entrance to Uskuk's Advanced Armour here.
The bunyip gives a hideous shriek!
You bludgeon something!!
The bunyip howls a warning cry!
Something hits you. Something hits you.
You are too confused!
You feel less confused.
You hear some strange, mumbled words.
A stinking cloud appears from out of thin air!
The ball explodes into a vile cloud!
The stinking cloud engulfs you but does no damage.
The stinking cloud engulfs something but does no damage.
The stinking cloud engulfs the bunyip but does no damage.
You block the bunyip's attack. The bunyip claws you!! x2
* * * LOW HITPOINT WARNING * * *
You feel much better.
You are engulfed in noxious fumes.
You choke on the stench!
You are confused.
Something hits you.
You completely miss something.
You are engulfed in noxious fumes.
You choke on the stench!
You are more confused.
Something hits you.
You're too confused to move!
Something hits you but does no damage. The bunyip claws you!!
The bunyip claws you!
* * * LOW HITPOINT WARNING * * *
The bunyip claws you!!
You die...
Your body crumbles into a pile of gold.

###.........#
#§...........
######.8.........8
##.___......###....
###∩........8.# #.8..
##.............###....
#⌠..........###...###.
#⌠..○x......# #.<.# #.
#⌠...@☼.....###...###.
##..{○°........###....
###∩........8.# #.8..
##∩___......###....
######.8.........8
#⌠...........
###.........#
#_...[..._#
#........_#


You could see a bunyip.

Vanquished Creatures
  2 rime drakes (D)
  A water elemental (D)
  2 ice beasts (D)
  2 necrophages (D)
  A jelly (D)
  Terence (D)
  An adder simulacrum (D)
  A bat zombie (D)
  4 endoplasms (D)
  A kobold (D)
  A ball python (D)
17 creatures vanquished.

Notes
Turn   | Place    | Note
-------+----------+-------------------------------------------
     0 | D        | ImASeal the Troll Fighter began the quest for the Orb.
     0 | D        | Reached XP level 1. HP: 22/22 MP: 0/0
     0 | D        | Found an ornate altar of the Wu Jian Council.
     0 | D        | Found an iron altar of Okawaru.
     3 | D        | Found an opulent altar of Gozag.
     3 | D        | Found a burning altar of Makhleb.
     4 | D        | Found a bloodstained altar of Trog.
     4 | D        | Found a glowing golden altar of the Shining One.
     5 | D        | Found a shimmering altar of Xom.
     5 | D        | Found a sacrificial altar of Ru.
     5 | D        | Round 1.
     6 | D        | Found Nuecual's Distillery.
     6 | D        | Found a stormy altar of Qazlal.
     6 | D        | Found a shimmering blue altar of Sif Muna.
     6 | D        | Found Gokhlukh's Do-It-Yourself Clinic.
     7 | D        | Found Mihiotui's Distillery.
     7 | D        | Found Kene's Bottled Wisdom.
    17 | D        | Became a worshipper of Gozag Ym Sagoz the Greedy
    30 | D        | Found a blossoming altar of Fedhas.
    34 | D        | Found a snail-covered altar of Cheibriados.
    34 | D        | Found Tigawn's Weapon Rack.
    34 | D        | Found Uwos's Basic Armour.
    35 | D        | Found Xehoeschu's Miscellaneous Merchandise.
    36 | D        | Found Pufobarph's Premium Goods.
    46 | D        | Noticed Terence
    62 | D        | Killed Terence
    63 | D        | Reached skill level 2 in Maces & Flails
    63 | D        | Reached XP level 2. HP: 27/31 MP: 1/1
    63 | D        | Reached XP level 3. HP: 32/37 MP: 2/2
    69 | D        | Noticed Sigmund
    89 | D        | Arena points: 4 (+4) [x1]
   104 | D        | Round 2.
   108 | D        | Found a corrupted altar of Lugonu.
   108 | D        | Found a basalt altar of Yredelemnul.
   108 | D        | Found Luafuk's Identification Station.
   108 | D        | Found Uskuk's Advanced Armour.
   109 | D        | Found Ulymib's Jewellery.
   111 | D        | Found an ancient bone altar of Kikubaaqudgha.
   111 | D        | Found a hide-covered altar of Uskayaw.
   111 | D        | Found a radiant altar of Vehumet.
   145 | D        | Reached skill level 3 in Maces & Flails
   200 | D        | Arena points: 16 (+12) [x1]
   215 | D        | Round 3.
   217 | D        | Noticed a necrophage
   232 | D        | Noticed a necrophage
   240 | D        | Killed a necrophage
   241 | D        | Reached skill level 4 in Maces & Flails
   241 | D        | Reached skill level 5 in Shields
   241 | D        | Reached XP level 4. HP: 25/49 MP: 3/3
   246 | D        | Killed a necrophage
   247 | D        | Reached skill level 5 in Fighting
   247 | D        | Reached skill level 5 in Maces & Flails
   247 | D        | Reached skill level 5 in Dodging
   247 | D        | Reached XP level 5. HP: 25/57 MP: 4/4
   266 | D        | Arena points: 40 (+24) [x2]
   281 | D        | Round 4.
   290 | D        | Bought a slimy brass amulet for 45 gold pieces
   290 | D        | Identified the amulet "Inleoquc" {Reflect Rampage rF+
                  | Regen+ SH+5 Stlth-} (You bought it in a shop in the
                  | Dungeon)
   290 | D        | Bought a clouded ivory ring for 45 gold pieces
   290 | D        | Identified the ring "Olext" {rPois Int+6} (You bought it in
                  | a shop in the Dungeon)
   290 | D        | Bought a clouded tin ring for 45 gold pieces
   290 | D        | Identified the ring "Lyunkoen" {Contam rN+ Str+7} (You
                  | bought it in a shop in the Dungeon)
   290 | D        | Bought a coiled turquoise ring for 45 gold pieces
   290 | D        | Identified the ring "Yxzashri" {rPois Int+6} (You bought it
                  | in a shop in the Dungeon)
   290 | D        | Bought a bound ivory ring for 45 gold pieces
   290 | D        | Identified the ring of Maigg {rF+ rCorr Dex+2 SInv} (You
                  | bought it in a shop in the Dungeon)
   290 | D        | Bought a faintly glowing wooden ring for 45 gold pieces
   290 | D        | Identified the ring "Ythraecock" {rC+ Str+3} (You bought it
                  | in a shop in the Dungeon)
   290 | D        | Bought a flickering pewter ring for 45 gold pieces
   290 | D        | Identified the ring of Amorality {rN+ Str+3 Int-3 Dex+6
                  | Slay+5} (You bought it in a shop in the Dungeon)
   290 | D        | Bought a heavily runed ruby amulet for 45 gold pieces
   290 | D        | Identified the amulet "Xusselue" {Acrobat rN+ Regen+ Int+2}
                  | (You bought it in a shop in the Dungeon)
   303 | D        | Noticed a water elemental
   311 | D        | Killed a water elemental
   312 | D        | Reached skill level 6 in Maces & Flails
   312 | D        | Reached XP level 6. HP: 43/67 MP: 5/5
   317 | D        | Noticed a rime drake
   318 | D        | Found a shadowy altar of Dithmenos.
   319 | D        | Found a glowing silver altar of Zin.
   319 | D        | Found Tapniys's Magic Scroll Shop.
   321 | D        | Found Ficweac's Staff Store.
   325 | D        | Noticed an ice beast
   326 | D        | Killed a rime drake
   327 | D        | Reached skill level 8 in Maces & Flails
   327 | D        | Reached XP level 7. HP: 76/76 MP: 6/6
   357 | D        | Noticed a rime drake
   360 | D        | Found Ynocwi's Magic Scroll Shop.
   360 | D        | Found Zeaschoz's Must-Have Magic.
   361 | D        | Killed a rime drake
   362 | D        | Reached skill level 9 in Maces & Flails
   367 | D        | Arena points: 124 (+84) [x3]
   368 | D        | Reached XP level 8. HP: 77/87 MP: 7/7
   409 | D        | Bought a dazzling animal skin for 185 gold pieces
   409 | D        | Identified the +2 animal skin of the Gloaming {Harm rC-
                  | Int+7} (You bought it in a shop in the Dungeon)
   409 | D        | Bought a spiked cloak for 332 gold pieces
   409 | D        | Identified the +2 cloak "Jeczeog" {Dex+7} (You bought it in
                  | a shop in the Dungeon)
   409 | D        | Bought a pitted hat for 315 gold pieces
   409 | D        | Identified the +1 hat of Misanthropy {Regen+ rCorr Stlth+}
                  | (You bought it in a shop in the Dungeon)
   420 | D        | Round 5.
   423 | D        | Noticed a witch
   426 | D        | Noticed a five-headed hydra
   443 | D        | Noticed a bunyip
   450 | D        | Annihilated by a bunyip

Illustrated notes

Levels and vault maps discovered:
D:        arena_sprint

Skill      XL: |  1  2  3  4  5  6  7 |
---------------+----------------------+-----
Shields        | 3 5 6 7 8 |  8.1
Fighting       | 3 4 5 6 7 |  7.4
Maces & Flails | 2 4 5 6 8 9 |  9.8
Dodging        | 3 4 5 6 7 |  7.2
Stealth        | |  0.1

Action                   |  1- 3 |  4- 6 |  7- 9 || total
-------------------------+-------+-------+-------++-------
Melee: Flail             |    64 |    17 |    25 ||   106
  Use: Potion            |     4 |       |     1 ||     5
       Scroll            |     1 |       |       ||     1
Armor: Robe              |    12 |       |     1 ||    13
       Animal skin       |       |       |     5 ||     5
Dodge: Dodged            |    23 |     7 |     9 ||    39
Block: Kite shield       |    25 |    10 |    18 ||    53
       Reflection        |       |     1 |     2 ||     3
